 Dungeon Crawl Stone Soup version 0.32-a0-411-g744942f433 (webtiles) character file.

Game seed: 14297172585171770768

1255 retardedninja the Trooper (level 8, -2/70 HPs)
             Began as a Mountain Dwarf Fighter on Feb 20, 2024.
             Engulfed by a steam dragon's steam (12 damage)
             ... on level 5 of the Dungeon.
             The game lasted 00:09:22 (6092 turns).

retardedninja the Trooper (Mountain Dwarf Fighter)  Turns: 6092, Time: 00:09:23

Health: -2/70      AC:  7    Str: 21    XL:     8   Next: 26%
Magic:  10/10      EV:  9    Int:  9    God:
Gold:   1543       SH:  5    Dex:  9    Spells: 10/10 levels left

rFire   . . .        a - +0 war axe
rCold   . . .        c - +0 buckler
rNeg    . . .        b - +0 scale mail
rPois   .            (no helmet)
rElec   .            (no cloak)
rCorr   .            (no gloves)
SInv    .            (no boots)
Will    .....        (no amulet) Stlth
                     (no ring)
HPRegen 0.31/turn    (no ring)
MPRegen 0.12/turn

%: no passive effects
@: no status effects
A: runic magic, artefact enchanting
a: no special abilities


You were on level 5 of the Dungeon.
You visited 1 branch of the dungeon, and saw 5 of its levels.

You collected 1543 gold pieces.

Inventory:

Hand Weapons
 a - a +0 war axe (weapon)
Armour
 b - a +0 scale mail (worn)
 c - a +0 buckler (worn)
 h - a +0 pair of gloves
 m - a +0 helmet
Jewellery
 g - a +6 ring of intelligence
 j - the ring "Pemunamm" {rN+ MP+9}
   (You found it on level 2 of the Dungeon)

   [ring of magical power]

   rN+:       It protects you from negative energy.
   MP+9:      It affects your magic capacity (+9).
Wands
 k - a wand of digging (3)
 l - a wand of light (1)
Scrolls
 d - a scroll of enchant weapon
 e - a scroll of acquirement
 f - 2 scrolls of fog
 n - 2 scrolls of blinking {unknown}
 p - a scroll of amnesia
 q - 2 scrolls of teleportation {unknown}
 r - 2 scrolls of revelation
 s - a scroll of vulnerability {unknown}
 u - a scroll of poison {unknown}
 v - 3 scrolls of identify
 w - a scroll of fear {unknown}
 x - a scroll of enchant armour {unknown}
Potions
 i - a potion of curing
 o - 2 potions of enlightenment
 t - a potion of brilliance {unknown}


   Skills:
 + Level 6.2 Fighting
 + Level 6.2 Axes
 + Level 6.2 Armour
 - Level 5.8 Shields
 * Level 1.6 Spellcasting
 * Level 1.7 Conjurations


You had 10 spell levels left.
You didn't know any spells.
Your spell library contained the following spells:

 Spells                   Type           Power      Damage    Failure   Level
 Cigotuvi's Dreadful Rot  Necr/Alch/Air  0%         N/A       63%         2
 Stone Arrow              Conj/Erth      4%         3d7       73%         3
 Animate Armour           Summ/Erth      0%         N/A       99%         4
 Ignite Poison            Fire/Alch      0%         N/A       99%         4
 Freezing Cloud           Conj/Ice/Air   0%         6-21      100%        5
 Lehudib's Crystal Spear  Conj/Erth      1%         10d2      100%        8


Dungeon Overview and Level Annotations

Branches:
Dungeon (5/15)
 Temple: D:4-7

Altars:
Gozag
Hepliaklqana
Yredelemnul

Shops:
D:1 *


Innate Abilities, Weirdness & Mutations

Your spellcasting is much less encumbered by armour.
You can use scrolls of enchantment on lesser artefacts.


Message History

The steam dragon is moderately wounded.
You are engulfed in a cloud of scalding steam.
The steam dragon breathes steam at you. The ball of steam hits you!!
* * * LOW HITPOINT WARNING * * *
You hit the steam dragon.
The steam dragon is moderately wounded.
The steam dragon bites you but does no damage.
The steam dragon claws you but does no damage.
You slash the steam dragon!
The steam dragon is heavily wounded.
The steam dragon barely misses you. The steam dragon claws you.
* * * LOW HITPOINT WARNING * * *
You closely miss the steam dragon.
The steam dragon is heavily wounded.
The steam dragon bites you.
* * * LOW HITPOINT WARNING * * *
The steam dragon claws you but does no damage.
You barely miss the steam dragon.
The steam dragon is heavily wounded.
The steam dragon bites you.
* * * LOW HITPOINT WARNING * * *
The steam dragon claws you but does no damage.
You hit the steam dragon but do no damage.
The steam dragon is heavily wounded.
You block the steam dragon's attack. x2; The steam dragon misses you.
The steam dragon claws you but does no damage.
You barely miss the steam dragon.
The steam dragon is heavily wounded.
The steam dragon bites you.
* * * LOW HITPOINT WARNING * * *
The steam dragon closely misses you.
You slash the steam dragon!
The steam dragon is severely wounded.
The steam dragon breathes steam at you. The ball of steam hits you.
* * * LOW HITPOINT WARNING * * *
You feel better.
You are engulfed in a cloud of scalding steam.
You die...

........#..#####
.#####..#......#
........#.####.#
..####.##.## #.#
..##.......# #.#
..##.#....####.######
.....<.......#..§...#
..##.#.###.#####§####
(.##.#.....# #@#
.###.####### #D#
####.# #.#
.....####### #.#
####........ ..#
####.####### ###
.....##### .........#
##.......#


You could see a steam dragon (catching breath).

Vanquished Creatures
  An ice beast (D:5)
  A black bear (D:5)
  An ogre (D:5)
  A phantom (D:5)
  Blork the orc (D:4)
  2 scorpions (D:4)
  A water moccasin zombie (D:3)
  A vampire bat (D:3)
  2 howler monkeys
  A hound (D:5)
  3 jellies (D:5)
  A bombardier beetle (D:4)
  A sleepcap (D:5)
  Jessica (D:3)
  An iguana (D:5)
  2 orc wizards
  Robin (D:2)
  3 adders
  A shadow imp (D:5)
  An adder zombie (D:3)
  3 ribbon worms
  3 fire bats (D:3)
  4 orcs
  2 spectral bats (D:3)
  3 bat skeletons (D:3)
  A bat zombie (D:3)
  7 endoplasms
  4 giant cockroaches
  11 hobgoblins
  3 jackals (D:4)
  5 quokkas
  8 ball pythons
  A ball python zombie (D:3)
  12 bats
  A bat simulacrum (D:3)
  3 frilled lizards
  10 goblins
  7 rats
115 creatures vanquished.

Notes
Turn   | Place    | Note
-------+----------+-------------------------------------------
     0 | D:1      | retardedninja the Mountain Dwarf Fighter began the quest
                  | for the Orb.
     0 | D:1      | Reached XP level 1. HP: 19/19 MP: 1/1
   112 | D:1      | Reached XP level 2. HP: 26/26 MP: 2/2
   116 | D:1      | Found Sulul's General Store.
   451 | D:1      | Reached XP level 3. HP: 33/33 MP: 3/3
   589 | D:2      | Identified the ring "Pemunamm" {rN+ MP+9}
  1004 | D:2      | Noticed Robin
  1032 | D:2      | Killed Robin
  1033 | D:2      | Reached XP level 4. HP: 10/40 MP: 4/4
  1877 | D:3      | Noticed Jessica
  1888 | D:3      | Killed Jessica
  2006 | D:3      | Reached XP level 5. HP: 46/46 MP: 5/5
  2261 | D:3      | Reached XP level 6. HP: 53/53 MP: 6/6
  2383 | D:3      | Identified 2 scrolls of acquirement
  2831 | D:3      | Found an opulent altar of Gozag.
  3043 | D:3      | Found a basalt altar of Yredelemnul.
  3132 | D:4      | Reached skill level 5 in Fighting
  3132 | D:4      | Reached skill level 5 in Armour
  3191 | D:4      | Reached skill level 5 in Shields
  3482 | D:4      | Reached skill level 5 in Axes
  3482 | D:4      | Reached XP level 7. HP: 55/61 MP: 7/7
  3678 | D:4      | Noticed Blork the orc
  3698 | D:4      | Killed Blork the orc
  4422 | D:5      | Entered Level 5 of the Dungeon
  4622 | D:5      | Acquired 1322 gold pieces
  5456 | D:5      | Reached XP level 8. HP: 48/70 MP: 8/8
  5612 | D:5      | Reached skill level 1 in Spellcasting
  5612 | D:5      | Reached skill level 1 in Conjurations
  5896 | D:5      | Found a hazy altar of Hepliaklqana.
  6092 | D:5      | Engulfed by a steam dragon's steam

Illustrated notes

Levels and vault maps discovered:
D:1:      scummos_arrival_gate, layout_basic, serial_shops, nicolae_square_shop
D:2:      layout_basic, uniq_robin
D:3:      layout_rooms, nicolae_yredelemnul_corpse_copse,
          mainiacjoe_overflow_alcove_4, chequers_jeans, goddamned_bats,
          uniq_jessica
D:4:      layout_gridville, uniq_ijyb, uniq_blork_the_orc
D:5:      layout_basic, nicolae_hepliaklqana_hazy_memory, hex_medium

Skill      XL: |  1  2  3  4  5  6  7  8 |
---------------+-------------------------+-----
Axes           | 3 4 5 6 |  6.2
Fighting       | 4 5 6 |  6.2
Armour         | 4 5 6 |  6.2
Shields        | 4 5 |  5.8
Spellcasting   | 1 |  1.6
Conjurations   | 1 |  1.7

Action                     |  1- 3 |  4- 6 |  7- 9 || total
---------------------------+-------+-------+-------++-------
  Melee: War axe           |    88 |   234 |   116 ||   438
  Evoke: Wand              |       |       |     1 ||     1
    Use: Potion            |       |     2 |     4 ||     6
         Scroll            |       |     7 |     1 ||     8
 Armour: Scale mail        |    64 |   234 |   109 ||   407
  Dodge: Dodged            |    51 |   156 |    61 ||   268
  Block: Buckler           |    19 |    77 |    31 ||   127

Table legend: (Time is in decaauts)
 A = Elapsed time spent in this place.
 B = Non-inter-level travel time spent in this place.
 C = Inter-level travel time spent in this place.
 D = Time resting spent in this place.
 E = Time spent auto-exploring this place.
 F = Levels seen in this place.
 G = Mean time per level.
                   A        B        C        D        E       F      G
               +--------+--------+--------+--------+--------+-----+--------+
         Total |   6231 |   6135 |     96 |   1608 |   3477 |   5 | 1246.2 |
       Dungeon |   6231 |   6135 |     96 |   1608 |   3477 |   5 | 1246.2 |
               +--------+--------+--------+--------+--------+-----+--------+

Top non-repeatable levels by time:
     D:4: 1909 daAuts
     D:2: 1309 daAuts
     D:3: 1264 daAuts
     D:5: 1154 daAuts
     D:1: 594 daAuts
